Map: Dash and Terminal LE (Void)

Players

Womec - Winner!

  • Race: Terran Terran
  • League: Platinum

TheLtleTramp

  • Race: Zerg Zerg
  • League: Diamond

VOD

Have the link to the VOD?

Description

CC First, liberator hellbat timing, liberator hellbat push, liberator mech push.

Time

  • Played on: Nov. 1, 2015, 6:15 p.m.
  • Length: 12:02
Show
View Real Time Build Order
Export as new Build Order

Womec Terran - Winner!

Build Orders: Command Center First (CC), Liberator Opening, Mech 

Get SALT Encoding   

  12  0:00  SCV  
  13  0:13  SCV  
  14  0:18  Supply Depot  
  14  0:25  SCV  
  15  0:40  SCV  
  16  0:52  SCV  
  17  1:01  Command Center  
  17  1:04  SCV  
  18  1:15  Barracks  
  18  1:19  SCV  
  18  1:24  Refinery  
  19  1:34  SCV  
  20  1:46  SCV  
  21  1:49  Refinery  
  21  2:03  Marine  
  21  2:04  Orbital Command  
  22  2:13  Bunker, Orbital Command  
  22  2:21  Marine  
  23  2:26  Factory  
  23  2:30  SCV  
  24  2:43  Orbital Command  
  24  2:48  Barracks Reactor  
  24  2:51  Supply Depot  
  24  2:53  SCV  
  26  3:05  SCV  
  26  3:09  SCV  
  27  3:13  Starport  
  27  3:17  SCV  
  28  3:21  SCV  
  29  3:29  SCV  
  29  3:33  Armory, Hellion  
  29  3:34  Hellion, Marine  
  35  3:35  Liberator  
  35  3:37  SCV  
  36  3:43  SCV  
  36  3:44  Supply Depot  
  37  3:51  Marine  
  37  3:55  Hellion x2  
  45  4:01  SCV  
  46  4:05  SCV  
  46  4:07  Supply Depot  
  46  4:09  Marine  
  48  4:13  SCV  
  48  4:16  Hellion x2  
  53  4:17  SCV  
  54  4:28  Marine  
  54  4:29  SCV x2  
  57  4:32  Starport  
  57  4:33  Starport  
  57  4:40  Hellion  
  57  4:41  SCV  
  57  4:42  SCV  
  57  4:43  Supply Depot  
  61  4:50  Starport Tech Lab  
  61  4:51  Barracks Tech Lab  
  61  4:53  SCV  
  61  4:55  Liberator  
  61  4:59  SCV  
  62  5:11  Viking  
  57  5:22  Liberator  
  57  5:29  Command Center, SCV x2  
  57  5:32  Engineering Bay  
  49  5:43  Refinery x2  
  49  5:44  Supply Depot  
  49  5:48  Engineering Bay  
  48  5:50  SCV x2  
  48  5:52  Liberator  
  50  6:03  Missile Turret, Liberator  
  50  6:04  Missile Turret  
  50  6:07  Missile Turret  
  50  6:08  Missile Turret  
  50  6:11  Hellbat x2  
  57  6:18  SCV x2  
  62  6:30  SCV x2, Liberator  
  62  6:32  Hellbat, Terran Ship Weapons Level 1  
  66  6:33  Supply Depot  
  66  6:34  Supply Depot x2  
  66  6:42  SCV x2  
  66  6:44  Orbital Command  
  72  6:54  SCV x2  
  73  7:06  SCV  
  74  7:12  Refinery x2  
  74  7:13  Missile Turret, Liberator x3  
  74  7:32  Missile Turret  
  74  7:33  Hellbat x2  
  74  7:35  Orbital Command  
  87  7:40  SCV x2  
  89  7:50  Factory  
  89  7:52  SCV x2  
  89  7:53  Factory  
  89  7:56  Liberator  
  93  8:05  Hellbat  
  93  8:06  Hellbat  
  93  8:11  SCV x2  
  93  8:12  SCV  
  101  8:23  SCV  
  101  8:26  SCV  
  101  8:27  SCV, Missile Turret  
  104  8:35  SCV  
  104  8:36  Factory Tech Lab  
  104  8:37  Factory Tech Lab  
  104  8:39  SCV, Liberator  
  94  9:05  Liberator x2  
  91  9:21  Siege Tank x2, Liberator  
  91  9:23  Hellbat x2  
  104  9:44  Hellbat  
  109  9:49  Command Center  
  109  9:53  Command Center  
  109  9:55  Liberator x2  
  109  10:04  Thor  
  109  10:05  Hellbat  
  109  10:06  Infernal Pre-Igniter  
  117  10:11  Thor, Hellbat  
  117  10:12  Armory  
  117  10:13  Armory  
  131  10:32  Starport Reactor  
  131  10:33  Missile Turret  
  131  10:34  Missile Turret, Hellbat  
  131  10:35  Sensor Tower  
  133  10:38  Factory  
  133  10:39  Factory  
  133  11:01  Thor, Hellbat  
  141  11:04  Siege Tank  
  124  11:28  Hellbat x2  
  134  11:46  Refinery  
  128  11:52  Supply Depot x2  
Show
View Real Time Build Order
Export as new Build Order

TheLtleTramp Zerg 

Build Orders: Hatch First 

Get SALT Encoding   

  12  0:01  Drone  
  13  0:09  Drone  
  14  0:18  Overlord  
  14  0:27  Drone, Extractor  
  14  0:28  Extractor  
  13  0:29  Drone  
  16  0:37  Drone  
  17  0:56  Hatchery  
  16  0:58  Drone  
  16  1:00  Drone  
  16  1:03  Extractor  
  17  1:17  Spawning Pool  
  16  1:19  Drone  
  16  1:23  Drone  
  18  1:27  Drone  
  19  1:37  Overlord  
  19  1:52  Drone  
  20  2:01  Drone  
  21  2:04  Queen  
  21  2:07  Queen  
  21  2:08  Metabolic Boost  
  25  2:12  Zergling x2  
  25  2:15  Drone  
  27  2:21  Drone x2  
  29  2:29  Drone  
  30  2:32  Drone  
  31  2:40  Overlord  
  31  2:43  Lair  
  31  2:49  Queen  
  33  2:51  Drone  
  33  2:54  Drone  
  33  2:58  Extractor  
  34  2:59  Drone  
  35  3:06  Drone x2  
  37  3:13  Overlord  
  37  3:18  Drone x5  
  42  3:24  Extractor  
  42  3:26  Extractor  
  40  3:30  Drone x4  
  44  3:35  Queen  
  46  3:48  Spire  
  45  3:55  Drone x4  
  49  4:00  Baneling Nest, Drone  
  49  4:02  Drone  
  50  4:05  Drone  
  51  4:10  Drone  
  51  4:12  Overlord  
  52  4:27  Hatchery, Overlord  
  52  4:30  Overlord  
  51  4:34  Zergling x2  
  52  4:41  Zergling x2  
  53  4:54  Baneling x4  
  53  4:55  Zergling x8  
  53  4:56  Zergling x10  
  63  5:02  Zergling x2  
  63  5:03  Mutalisk, Baneling x2  
  62  5:16  Zergling x4  
  62  5:18  Zergling x2  
  52  5:22  Zergling x4  
  52  5:26  Queen  
  52  5:30  Zergling x4  
  50  5:42  Zergling x2  
  50  5:48  Mutalisk  
  52  5:50  Queen  
  54  5:59  Mutalisk x2  
  58  6:08  Mutalisk, Extractor  
  58  6:09  Extractor  
  58  6:12  Mutalisk  
  58  6:15  Mutalisk  
  58  6:18  Mutalisk  
  64  6:20  Mutalisk  
  66  6:36  Mutalisk x2  
  66  6:37  Mutalisk  
  72  6:44  Drone  
  72  6:45  Drone  
  75  6:47  Drone  
  75  6:49  Drone  
  75  6:50  Hatchery  
  75  6:54  Drone  
  75  6:56  Overlord  
  75  6:57  Zerg Flyer Weapons Level 1  
  76  7:04  Overlord  
  75  7:27  Drone x2  
  77  7:33  Infestation Pit  
  77  7:35  Drone, Hydralisk Den  
  77  7:41  Evolution Chamber x2  
  77  7:44  Baneling Nest  
  74  7:50  Overlord  
  74  7:55  Drone x11  
  74  7:58  Overlord  
  85  8:05  Hydralisk x2  
  87  8:07  Roach Warren, Hydralisk  
  90  8:15  Zerg Ground Armor Level 1, Zerg Melee Weapons Level 1  
  90  8:19  Corruptor, Infestation Pit  
  90  8:22  Hydralisk  
  94  8:32  Drone x2  
  94  8:33  Drone x4  
  100  8:40  Baneling  
  100  8:41  Baneling x8  
  100  8:42  Zergling x8  
  102  8:51  Zergling x6  
  105  9:00  Zergling x4  
  84  9:06  Zergling x6  
  68  9:11  Hydralisk  
  68  9:15  Hydralisk  
  59  9:18  Queen  
  59  9:20  Queen  
  59  9:22  Hydralisk  
  63  9:38  Drone x4  
  60  9:41  Corruptor  
  62  10:03  Hatchery  
  62  10:04  Drone x4  
  62  10:05  Drone  
  62  10:06  Drone x4  
  70  10:14  Hive  
  70  10:20  Zergling x4  
  72  10:24  Corruptor  
  72  10:28  Baneling x3  
  73  10:29  Baneling  
  73  10:30  Baneling  
  73  10:33  Baneling x4  
  73  10:35  Baneling x2  
  73  10:45  Zergling x2  
  73  10:46  Zergling x20  
  73  10:49  Baneling x4  
  84  11:00  Zergling x10  
  86  11:08  Hydralisk x2  
  81  11:12  Zergling x2  
  81  11:13  Zergling x6  
  81  11:16  Corruptor  
  77  11:20  Zergling x4  
  77  11:25  Hydralisk x2  
  73  11:28  Hydralisk  
Tags
 
Add a new tag
Caveats
  • Supply blocks, unpowered buildings, or Contaminate may cause inaccurate times.
  • Supply counts are checked every 10 seconds.